[ PARTIDA AOE2 · #477596734 ]
1v1 RMTurcos vs Japanese
Equipo del jugador · VICT
Equipo rival · DERR
[ ANÁLISIS DE REPETICIÓN · EXTRAÍDO DE LA PARTIDA GRABADA ]
Feudal
10:07
Castillos
21:17
Imperial
35:19
| APM promedio | 22.8 |
| APM pico | 54 |
| eAPM promedio | 13.6 |
| Aldeanos / militares | 71 / 57 |
Foco
⚔️ 31.3% · 🌾 68.7%
Scout Cavalry ×21 · Scorpion ×14 · Bombard Cannon ×6 · Monk ×4 · Camel Scout ×4 · Mangonel ×3
Feudal
10:37
Castillos
14:32
Imperial
29:41
| APM promedio | 33.0 |
| APM pico | 82 |
| eAPM promedio | 17.6 |
| Aldeanos / militares | 168 / 139 |
Foco
⚔️ 28.8% · 🌾 71.2%
Spearman ×122 · Trebuchet (Packed) ×11 · Monk ×5 · Samurai ×1
Mapa de la partida
Recursos iniciales + cada clic de construcción. Líneas = muros · curvas = relieve. ◆ oro · ⬟ piedra · ● bayas · ✦ reliquia · ◌ hueco del cierre
Tu base· ✓ Cerrada en 21:17 · 0t muro · 2 puerta(s)
Base de Lord BELO· ✓ Cerrada en 14:32 · 0t muro · 2 puerta(s)
Terreno inicial suavizado · ◌ = hueco del cierre detectado · pasá el cursor para detalles
Inputs por minuto
— Diosdlamuerte - - Lord BELO
Build order — Diosdlamuerte
Primeras 150 de 230 acciones detectadas
| 0:00 | Crear | Villager (Male) |
| 0:00 | Crear | Villager (Male) |
| 0:01 | Crear | Villager (Male) |
| 0:01 | Crear | Villager (Male) |
| 0:05 | Construir | House |
| 0:10 | Construir | House |
| 1:28 | Crear | Villager (Male) |
| 1:49 | Crear | Villager (Male) |
| 2:14 | Construir | Lumber Camp |
| 2:27 | Crear | Villager (Male) |
| 2:52 | Crear | Villager (Male) |
| 3:02 | Crear | Villager (Male) |
| 3:50 | Crear | Villager (Male) |
| 3:59 | Construir | House |
| 4:18 | Crear | Villager (Male) |
| 4:18 | Crear | Villager (Male) |
| 4:24 | Construir | House |
| 4:28 | Construir | Mill |
| 5:11 | Crear | Villager (Male) |
| 5:12 | Crear | Villager (Male) |
| 5:12 | Crear | Villager (Male) |
| 5:12 | Crear | Villager (Male) |
| 6:58 | Crear | Villager (Male) |
| 7:57 | Investigar | Feudal Age |
| 8:24 | Construir | Barracks |
| 8:27 | Construir | House |
| 8:43 | Crear | Villager (Male) |
| 8:44 | Crear | Villager (Male) |
| 9:42 | Construir | House |
| 10:07 | Edad | Edad Feudal |
| 10:07 | Crear | Spearman |
| 10:12 | Construir | Stable |
| 10:25 | Construir | Market |
| 10:32 | Crear | Villager (Male) |
| 10:53 | Construir | Blacksmith |
| 10:59 | Crear | Villager (Male) |
| 11:05 | Crear | Scout Cavalry |
| 11:10 | Construir | House |
| 11:31 | Crear | Villager (Male) |
| 11:52 | Construir | Farm |
| 11:53 | Crear | Villager (Male) |
| 12:00 | Construir | House |
| 12:14 | Crear | Villager (Male) |
| 12:23 | Crear | Villager (Male) |
| 12:39 | Construir | House |
| 12:43 | Construir | Farm |
| 13:21 | Construir | Mining Camp |
| 13:26 | Construir | Farm |
| 13:27 | Crear | Villager (Male) |
| 13:42 | Investigar | Double-Bit Axe |
| 13:52 | Crear | Villager (Male) |
| 13:54 | Construir | Farm |
| 14:22 | Construir | Farm |
| 14:25 | Crear | Villager (Male) |
| 14:39 | Crear | Scout Cavalry |
| 14:41 | Investigar | Bloodlines |
| 15:34 | Construir | Stable |
| 15:48 | Crear | Spearman |
| 15:58 | Crear | Scout Cavalry |
| 16:10 | Crear | Scout Cavalry |
| 16:14 | Crear | Scout Cavalry |
| 16:14 | Crear | Scout Cavalry |
| 16:21 | Crear | Villager (Male) |
| 16:21 | Crear | Villager (Male) |
| 16:21 | Crear | Villager (Male) |
| 16:52 | Construir | Farm |
| 17:14 | Construir | Farm |
| 17:40 | Construir | Farm |
| 17:40 | Construir | Farm |
| 17:41 | Construir | Farm |
| 17:41 | Construir | Farm |
| 17:42 | Construir | Farm |
| 17:42 | Construir | Farm |
| 17:47 | Crear | Villager (Male) |
| 17:47 | Crear | Villager (Male) |
| 18:36 | Investigar | Castle Age |
| 18:48 | Construir | Mining Camp |
| 19:19 | Investigar | Double-Bit Axe |
| 19:23 | Investigar | Horse Collar |
| 19:41 | Construir | Mill |
| 19:42 | Construir | Farm |
| 19:42 | Construir | Farm |
| 19:43 | Construir | Farm |
| 19:43 | Construir | Farm |
| 19:53 | Investigar | Forging |
| 20:14 | Construir | Farm |
| 20:19 | Construir | Farm |
| 20:28 | Crear | Villager (Male) |
| 20:28 | Crear | Villager (Male) |
| 20:38 | Construir | House |
| 20:39 | Construir | House |
| 21:17 | Edad | Edad de los Castillos |
| 21:20 | Construir | Monastery |
| 22:06 | Construir | Farm |
| 22:06 | Investigar | Heavy Plow |
| 22:18 | Construir | Farm |
| 22:30 | Construir | Town Center |
| 22:39 | Crear | Monk |
| 23:08 | Construir | House |
| 23:09 | Construir | House |
| 23:12 | Crear | Villager (Male) |
| 23:13 | Crear | Villager (Male) |
| 23:13 | Crear | Villager (Male) |
| 23:13 | Crear | Villager (Male) |
| 23:13 | Crear | Villager (Male) |
| 23:18 | Construir | Farm |
| 24:23 | Construir | Siege Workshop |
| 24:35 | Crear | Villager (Male) |
| 24:36 | Crear | Villager (Male) |
| 24:36 | Crear | Villager (Male) |
| 24:53 | Construir | Town Center |
| 24:56 | Crear | Villager (Male) |
| 24:56 | Crear | Villager (Male) |
| 25:18 | Crear | Villager (Male) |
| 25:18 | Crear | Villager (Male) |
| 25:22 | Investigar | Gold Mining |
| 25:26 | Investigar | Wheelbarrow |
| 25:40 | Crear | Camel Scout |
| 25:40 | Crear | Camel Scout |
| 25:55 | Construir | Siege Workshop |
| 26:18 | Investigar | Scale Barding Armor |
| 26:22 | Crear | Monk |
| 26:23 | Crear | Monk |
| 26:28 | Crear | Mangonel |
| 26:40 | Investigar | Bow Saw |
| 26:45 | Crear | Villager (Male) |
| 26:45 | Crear | Villager (Male) |
| 26:45 | Crear | Villager (Male) |
| 26:55 | Crear | Mangonel |
| 27:01 | Construir | House |
| 27:43 | Crear | Villager (Male) |
| 27:44 | Crear | Villager (Male) |
| 27:44 | Crear | Villager (Male) |
| 28:13 | Construir | University |
| 28:16 | Construir | Mining Camp |
| 28:20 | Crear | Villager (Male) |
| 28:20 | Crear | Villager (Male) |
| 28:20 | Crear | Villager (Male) |
| 28:33 | Construir | House |
| 29:48 | Investigar | Chain Barding Armor |
| 29:48 | Investigar | Chain Barding Armor |
| 29:49 | Investigar | Iron Casting |
| 29:52 | Crear | Scout Cavalry |
| 29:53 | Crear | Scout Cavalry |
| 29:53 | Crear | Scout Cavalry |
| 29:59 | Construir | Stable |
| 30:03 | Crear | Scorpion |
| 30:03 | Crear | Scorpion |
| 31:56 | Crear | Scorpion |
| 31:56 | Crear | Scorpion |
Build order — Lord BELO
Primeras 150 de 358 acciones detectadas
| 0:01 | Crear | Villager (Male) |
| 0:03 | Crear | Villager (Male) |
| 0:03 | Crear | Villager (Male) |
| 0:03 | Crear | Villager (Male) |
| 0:03 | Crear | Villager (Male) |
| 0:03 | Crear | Villager (Male) |
| 0:03 | Crear | Villager (Male) |
| 0:03 | Crear | Villager (Male) |
| 0:03 | Crear | Villager (Male) |
| 0:04 | Construir | House |
| 0:05 | Construir | House |
| 1:18 | Crear | Villager (Male) |
| 1:18 | Crear | Villager (Male) |
| 1:18 | Crear | Villager (Male) |
| 1:46 | Crear | Villager (Male) |
| 1:46 | Crear | Villager (Male) |
| 1:50 | Construir | Lumber Camp |
| 2:20 | Crear | Villager (Male) |
| 2:20 | Crear | Villager (Male) |
| 2:20 | Crear | Villager (Male) |
| 3:07 | Crear | Villager (Male) |
| 3:07 | Crear | Villager (Male) |
| 3:07 | Crear | Villager (Male) |
| 3:07 | Crear | Villager (Male) |
| 3:34 | Crear | Villager (Male) |
| 3:51 | Construir | House |
| 3:52 | Construir | House |
| 4:02 | Crear | Villager (Male) |
| 4:02 | Crear | Villager (Male) |
| 4:02 | Crear | Villager (Male) |
| 4:02 | Crear | Villager (Male) |
| 4:24 | Crear | Villager (Male) |
| 4:24 | Crear | Villager (Male) |
| 4:25 | Crear | Villager (Male) |
| 5:11 | Crear | Villager (Male) |
| 5:11 | Crear | Villager (Male) |
| 5:11 | Crear | Villager (Male) |
| 6:02 | Construir | Mill |
| 6:53 | Crear | Villager (Male) |
| 6:54 | Crear | Villager (Male) |
| 7:36 | Construir | Mining Camp |
| 8:02 | Crear | Villager (Male) |
| 8:03 | Investigar | Feudal Age |
| 8:43 | Construir | Farm |
| 8:49 | Construir | Farm |
| 8:52 | Construir | Farm |
| 9:03 | Construir | House |
| 9:46 | Construir | Farm |
| 9:58 | Construir | Farm |
| 9:59 | Crear | Villager (Male) |
| 10:00 | Crear | Villager (Male) |
| 10:37 | Edad | Edad Feudal |
| 10:41 | Construir | Blacksmith |
| 11:08 | Construir | Market |
| 11:23 | Crear | Villager (Male) |
| 11:49 | Investigar | Castle Age |
| 11:50 | Investigar | Castle Age |
| 11:54 | Construir | Mining Camp |
| 12:18 | Investigar | Double-Bit Axe |
| 12:32 | Crear | Villager (Male) |
| 13:21 | Construir | Outpost |
| 13:24 | Investigar | Loom |
| 13:28 | Construir | House |
| 14:32 | Edad | Edad de los Castillos |
| 14:37 | Construir | Monastery |
| 14:40 | Crear | Villager (Male) |
| 14:56 | Crear | Villager (Male) |
| 15:03 | Construir | Town Center |
| 15:17 | Investigar | Horse Collar |
| 15:17 | Investigar | Bow Saw |
| 15:22 | Construir | House |
| 15:30 | Crear | Monk |
| 15:45 | Crear | Villager (Male) |
| 15:50 | Construir | House |
| 15:51 | Construir | House |
| 16:16 | Construir | Farm |
| 16:21 | Crear | Villager (Male) |
| 16:22 | Crear | Villager (Male) |
| 16:22 | Crear | Villager (Male) |
| 16:27 | Construir | House |
| 16:30 | Crear | Villager (Male) |
| 16:30 | Crear | Villager (Male) |
| 16:30 | Crear | Villager (Male) |
| 16:31 | Crear | Villager (Male) |
| 16:31 | Crear | Villager (Male) |
| 16:37 | Construir | Farm |
| 16:38 | Construir | Farm |
| 16:50 | Crear | Monk |
| 16:58 | Crear | Villager (Male) |
| 16:58 | Crear | Villager (Male) |
| 17:18 | Construir | Farm |
| 17:18 | Construir | Farm |
| 17:19 | Construir | Farm |
| 17:25 | Construir | House |
| 17:25 | Construir | House |
| 17:26 | Construir | House |
| 17:47 | Construir | Farm |
| 17:59 | Investigar | Town Watch |
| 17:59 | Crear | Villager (Male) |
| 18:10 | Crear | Villager (Male) |
| 18:33 | Crear | Villager (Male) |
| 18:33 | Crear | Villager (Male) |
| 18:48 | Crear | Villager (Male) |
| 18:48 | Crear | Villager (Male) |
| 18:50 | Construir | Farm |
| 18:56 | Construir | Farm |
| 18:56 | Construir | Farm |
| 18:56 | Construir | Farm |
| 18:56 | Construir | Farm |
| 18:57 | Construir | Farm |
| 18:57 | Construir | Farm |
| 19:02 | Construir | House |
| 19:03 | Construir | House |
| 19:04 | Construir | House |
| 19:20 | Crear | Villager (Male) |
| 19:20 | Crear | Villager (Male) |
| 19:20 | Crear | Villager (Male) |
| 19:37 | Crear | Villager (Male) |
| 19:38 | Crear | Villager (Male) |
| 20:03 | Crear | Villager (Male) |
| 20:03 | Crear | Villager (Male) |
| 20:19 | Crear | Villager (Male) |
| 20:19 | Crear | Villager (Male) |
| 20:34 | Construir | Town Center |
| 20:39 | Construir | House |
| 20:40 | Construir | House |
| 20:58 | Investigar | Wheelbarrow |
| 20:59 | Crear | Villager (Male) |
| 20:59 | Crear | Villager (Male) |
| 20:59 | Crear | Villager (Male) |
| 21:05 | Construir | Lumber Camp |
| 21:09 | Construir | Farm |
| 21:12 | Construir | Farm |
| 21:43 | Crear | Villager (Male) |
| 21:43 | Crear | Villager (Male) |
| 21:44 | Crear | Villager (Male) |
| 21:44 | Crear | Villager (Male) |
| 22:02 | Construir | House |
| 22:03 | Construir | House |
| 22:04 | Construir | House |
| 22:17 | Investigar | Hand Cart |
| 22:39 | Construir | Castle |
| 22:46 | Investigar | Heavy Plow |
| 22:49 | Crear | Villager (Male) |
| 22:49 | Crear | Villager (Male) |
| 22:50 | Crear | Villager (Male) |
| 22:54 | Construir | Farm |
| 22:54 | Construir | Farm |
| 22:54 | Construir | Farm |
| 22:54 | Construir | Farm |
Cronología de la partida
| 8:24 | Diosdlamuerte · first_building Barracks |
| 10:07 | Diosdlamuerte · age_up feudal |
| 10:12 | Diosdlamuerte · first_building Stable |
| 10:37 | Lord BELO · age_up feudal |
| 13:31 | Diosdlamuerte · first_market_sell 100 wood |
| 13:33 | Diosdlamuerte · first_market_buy 100 food |
| 14:32 | Lord BELO · age_up castle |
| 14:37 | Lord BELO · first_building Monastery |
| 21:17 | Diosdlamuerte · age_up castle |
| 21:20 | Diosdlamuerte · first_building Monastery |
| 22:39 | Lord BELO · first_building Castle |
| 24:23 | Diosdlamuerte · first_building Siege Workshop |
| 24:52 | Lord BELO · first_building Barracks |
| 29:41 | Lord BELO · age_up imperial |
| 32:35 | Diosdlamuerte · first_building Castle |
| 34:18 | Lord BELO · first_market_sell 100 food |
| 34:19 | Lord BELO · first_market_buy 100 stone |
| 35:19 | Diosdlamuerte · age_up imperial |
| 44:42 | Lord BELO · resign |
[ ANÁLISIS IA · 1 CRÉDITO ]
¿Qué pasó realmente en esta partida?
Wolo.gg analiza cada decisión: build order, eco, micro, errores típicos por bracket. Análisis personalizado por WhatsApp o Discord en 30 segundos.
Guía civ
Turcos
Guía mapa
Arena
Perfil
Diosdlamuerte